 Dungeon Crawl Stone Soup version 0.22-a0-455-ga0624bf (webtiles) character file.

1645 MisterFreud the Conjurer (level 8, -3/93 HPs)
             Began as a Naga Fire Elementalist on June 5, 2018.
             Killed by Freeze
             ... invoked by iamserjio's ghost
              (19 damage)
             ... on level 7 of the Dungeon.
             The game lasted 00:34:18 (8775 turns).

MisterFreud the Conjurer (Naga Fire Elementalist)   Turns: 8775, Time: 00:34:20

Health: -3/93      AC: 24    Str: 16    XL:     8   Next: 99%
Magic:  6/16       EV:  1    Int: 18    God:
Gold:   317        SH:  0    Dex: 11    Spells: 3/18 levels left

rFire    . . .     SeeInvis +   a - +2 rapier (drain)
rCold    . . .     Gourm    .   (no shield)
rNeg     + + +     Faith    .   (armour currently unavailable)
rPois    +         Spirit   .   (helmet currently unavailable)
rElec    .         Reflect  .   (cloak currently unavailable)
rCorr    .         Harm     .   (gloves currently unavailable)
MR       +....     NoTele   +   (no barding)
Stlth    ++........             z - amulet of regeneration
HPRegen  0.65/turn              w - +5 ring of evasion
MPRegen  0.15/turn              s - ring of positive energy

@: mighty, tree-form, very slightly contaminated
A: large, see invisible, slow metabolism 1, spit poison 1, AC +2
a: Spit Poison


You were on level 7 of the Dungeon.
You were hungry.
You were a tree.
You visited 2 branches of the dungeon, and saw 8 of its levels.

You collected 317 gold pieces.

Inventory:

Hand Weapons
 a - a +2 rapier of draining (weapon)
 b - a +0 hunting sling
Missiles
 d - 63 bolts
 j - 183 stones (quivered)
 p - 28 poisoned needles
 q - 113 arrows
 r - 6 curare-tipped needles
 u - 81 sling bullets
 F - 5 tomahawks
 I - 4 tomahawks of returning
 J - 6 needles of paralysis
Armour
 f - a +0 pair of gloves (melded)
 t - a +0 cloak (melded)
 A - a +0 helmet
 C - a +0 robe (melded)
 K - a +2 hat of see invisible (melded)
Jewellery
 o - an uncursed amulet of the gourmand
 s - a ring of positive energy (right branch)
 w - a +5 ring of evasion (left branch)
 z - an amulet of regeneration (around neck)
Wands
 i - a wand of disintegration (7)
Scrolls
 g - a scroll of noise {unknown}
 h - 3 scrolls of teleportation {unknown}
 k - 5 scrolls of enchant armour {unknown}
 l - a scroll of random uselessness {unknown}
 m - a scroll of fear {unknown}
 n - 3 scrolls of remove curse {unknown}
 y - 4 scrolls of amnesia {unknown}
 D - a scroll of magic mapping {unknown}
 G - a scroll of enchant weapon {unknown}
Potions
 e - a potion of agility
 v - 3 potions of curing
 B - 3 potions of heal wounds
 E - a potion of might
 H - a potion of cancellation
Comestibles
 c - 9 rations


   Skills:
 - Level 1.5 Dodging
 - Level 3.0 Stealth
 * Level 5.8 Spellcasting
 + Level 6.9 Conjurations
 + Level 6.9 Fire Magic


You had 3 spell levels left.
You knew the following spells:

 Your Spells              Type           Power        Failure   Level  Hunger
a - Flame Tongue          Conj/Fire      ####.        1%          1    None
b - Conjure Flame         Conj/Fire      ####....     2%          3    ##.....
c - Sticky Flame          Conj/Fire      ####....     7%          4    ####...
d - Fireball              Conj/Fire      ####......   21%         5    #####..
e - Blink                 Tloc           N/A          19%         2    None

Your spell library contained the following spells:

 Spells                   Type           Power        Failure   Level  Hunger
 Magic Dart               Conj           ####         1%          1    None
 Slow                     Hex            #.......     19%         2    None
 Throw Flame              Conj/Fire      ####..       1%          2    None
 Mephitic Cloud           Conj/Pois/Air  ##......     14%         3    ##.....
 Call Imp                 Summ           #.......     19%         2    None
 Inner Flame              Hex/Fire       ###.....     9%          3    ##.....


Dungeon Overview and Level Annotations

Branches:
Dungeon (7/15)             Temple (1/1) D:7

Altars:
Ashenzari
Dithmenos
Fedhas
Gozag
Hepliaklqana
Kikubaaqudgha
Makhleb
Nemelex Xobeh
Okawaru
Qazlal
Ru
Trog
Vehumet
Wu Jian
The Shining One

Shops:
D:4 }

Annotations:
D:4 KristoblXynda's ghost, amateur DDFi
D:7 iamserjio's ghost, novice OgIE


Innate Abilities, Weirdness & Mutations

You cannot wear boots.
((Your serpentine skin is tough. (AC +2)))
You have supernaturally acute eyesight. (SInv)
((Armour fits poorly on your strangely shaped body.))
((Your system is resistant to poisons. (rPois)))
((You cover ground very slowly.))
You have a slow metabolism.
You can spit poison.


Message History

Iamserjio's ghost hits you but does no damage. x2
You barely miss iamserjio's ghost.
Iamserjio's ghost is almost destroyed.
Iamserjio's ghost hits you but does no damage.
You hit iamserjio's ghost.
Iamserjio's ghost is almost destroyed.
Iamserjio's ghost says, "You will never get the ORB!"
Iamserjio's ghost casts a spell at you.
You are frozen.
* * * LOW HITPOINT WARNING * * *
You closely miss iamserjio's ghost.
Iamserjio's ghost is almost destroyed.
Iamserjio's ghost casts a spell at you.
You are frozen.
* * * LOW HITPOINT WARNING * * *
You closely miss iamserjio's ghost.
Iamserjio's ghost is almost destroyed.
Iamserjio's ghost gestures at you while chanting.
You are frozen.
You die...

### ..# ###.#
##.###################.#.#
...............W♣......#.#
##.###################.#.#
##########.#.####
................##
........##.#.##..#
...........#.###.##
........####.# #..#
........# #.# ##.#
#.......# #.# #.##


You could see iamserjio's ghost.

Vanquished Creatures
  Menkaure (D:4)
  Duvessa (D:4)
  2 orc warriors (D:6)
  A necrophage (D:6)
  3 ogres
  A phantom (D:5)
  A centaur (D:5)
  Dowan (D:4)
  2 crimson imps (D:7)
  2 orc wizards (D:6)
  An orc priest (D:6)
  A centaur skeleton (D:4)
  3 iguanas
  6 worker ants
  A worker ant zombie (D:5)
  6 adders
  4 gnolls (D:4)
  4 worms
  A dart slug (D:1)
  7 leopard geckos
  15 orcs
  A ball python (D:3)
  6 bats
  6 giant cockroaches
  7 goblins
  14 hobgoblins
  33 jackals
  12 kobolds
  4 quokkas
  3 frilled lizards
  A leopard gecko skeleton (D:7)
  A quokka zombie (D:5)
  7 rats
159 creatures vanquished.

Vanquished Creatures (others)
  2 fire vortices (D:7)
2 creatures vanquished.

Grand Total: 161 creatures vanquished

Notes
Turn   | Place    | Note
-------+----------+-------------------------------------------
     0 | D:1      | MisterFreud the Naga Fire Elementalist began the quest for the Orb.
     0 | D:1      | Reached XP level 1. HP: 15/15 MP: 3/3
   168 | D:1      | Reached XP level 2. HP: 22/22 MP: 3/5
   809 | D:1      | Reached XP level 3. HP: 28/28 MP: 4/6
  1268 | D:1      | Learned a level 3 spell: Conjure Flame
  2037 | D:2      | Reached XP level 4. HP: 34/36 MP: 3/7
  2516 | D:2      | Found a sacrificial altar of Ru.
  3024 | D:2      | Reached XP level 5. HP: 42/42 MP: 3/8
  3550 | D:3      | Learned a level 4 spell: Sticky Flame
  4090 | D:4      | Noticed an ogre
  4369 | D:4      | Killed an ogre
  4369 | D:4      | Reached XP level 6. HP: 49/49 MP: 4/9
  4528 | D:4      | Noticed Dowan
  4538 | D:4      | Noticed Duvessa
  4548 | D:4      | Noticed KristoblXynda's ghost (amateur DDFi)
  4552 | D:4      | Killed Duvessa
  4552 | D:4      | Reached skill level 5 in Conjurations
  4552 | D:4      | Reached skill level 5 in Fire Magic
  4956 | D:4      | Killed Dowan
  4956 | D:4      | Reached XP level 7. HP: 52/55 MP: 4/10
  4969 | D:4      | Noticed Menkaure
  4978 | D:4      | Killed Menkaure
  5114 | D:4      | Found Qauco's Gadget Boutique.
  5331 | D:5      | Entered Level 5 of the Dungeon
  5542 | D:5      | Found a blossoming altar of Fedhas.
  6257 | D:5      | Reached XP level 8. HP: 62/62 MP: 0/14
  7418 | D:6      | Reached skill level 5 in Spellcasting
  7703 | D:6      | Found a stormy altar of Qazlal.
  7705 | D:6      | Noticed an air elemental
  7706 | D:6      | Noticed a water elemental
  8270 | D:7      | Learned a level 5 spell: Fireball
  8273 | D:7      | Learned a level 2 spell: Blink
  8350 | D:7      | Found a staircase to the Ecumenical Temple.
  8360 | Temple   | Entered the Ecumenical Temple
  8739 | D:7      | Noticed iamserjio's ghost (novice OgIE)
  8775 | D:7      | Killed from afar by iamserjio's ghost

Vault maps used:
D:1:      dpeg_arrival_castle, minmay_misc_feat_iff
D:2:      old_standard_altar
D:3:      first_ration, grunt_ministairs_11
D:4:      serial_shops, nicolae_shop_behind_doors, uniq_duvessa, uniq_menkaure
D:5:      fedhas_bush_and_centaur_altar
D:6:      zaba_anthole, nicolae_qazlal_style_of_elements
D:7:      grunt_temple_overflow_order_and_chaos_1,
          gammafunk_temple_overflow_pools, minmay_temple_entry_mist,
          uniq_crazy_yiuf_cottage, uniq_joseph
Temple:   nicolae_temple_figure_eight

Skill      XL: |  1  2  3  4  5  6  7  8 |
---------------+-------------------------+-----
Conjurations   | 2 3 4 5 6 |  6.9
Fire Magic     | 4 5 6 |  6.9
Spellcasting   | 4 5 |  5.8
Dodging        | |  1.5
Stealth        | |  3.0

Action                   |  1- 3 |  4- 6 |  7- 9 || total
-------------------------+-------+-------+-------++-------
Melee: Club              |    21 |     5 |     3 ||    29
       Rapier            |       |       |   170 ||   170
 Cast: Flame Tongue      |    66 |   107 |   101 ||   274
       Sticky Flame      |       |     6 |    16 ||    22
       Conjure Flame     |       |     1 |     1 ||     2
       Blink             |       |       |     1 ||     1
 Abil: Spit Poison       |     4 |     6 |     2 ||    12
  Use: Scroll            |       |       |     6 ||     6
       Potion            |       |       |     2 ||     2
 Stab: Sleeping          |       |       |     1 ||     1
  Eat: Chunk             |     3 |    12 |    10 ||    25
       Ration            |       |     1 |       ||     1
Armor: Robe              |    27 |    12 |    50 ||    89
       Skin              |       |       |    16 ||    16
Dodge: Dodged            |    61 |    46 |   164 ||   271

Table legend:
 A = Spawn XP
 B = Non-spawn XP
 C = Spawn XP percentage of total XP
 D = Spawn monster count
 E = Non-spawn monster count
 F = Spawn count percentage of total count
 G = Total turns spent on level
                    A         B        C        D         E        F      G
               +---------+---------+-------+---------+---------+-------+---------
         Total |       0 |    2350 |   0.0 |       0 |     159 |   0.0 |  8775
               +---------+---------+-------+---------+---------+-------+---------
           D:1 |       0 |      77 |   0.0 |       0 |      42 |   0.0 |  1992
           D:2 |       0 |      96 |   0.0 |       0 |      27 |   0.0 |  1267
           D:3 |       0 |      70 |   0.0 |       0 |      29 |   0.0 |  1122
           D:4 |       0 |     627 |   0.0 |       0 |      10 |   0.0 |  1117
           D:5 |       0 |     491 |   0.0 |       0 |      24 |   0.0 |  1264
           D:6 |       0 |     848 |   0.0 |       0 |      20 |   0.0 |  1333
           D:7 |       0 |     141 |   0.0 |       0 |       7 |   0.0 |   480
               +---------+---------+-------+---------+---------+-------+---------
